 Dungeon Crawl Stone Soup version 0.19-a0-20-g1ce5f50 (webtiles) character file.

1194 zxpr0jk the Chiller (level 8, 0/57 HPs)
             Began as a Purple Draconian Ice Elementalist on May 1, 2016.
             Slain by a wight
             ... wielding a +0 flail
              (2 damage)
             ... on level 6 of the Dungeon.
             The game lasted 00:36:29 (4917 turns).

zxpr0jk the Chiller (DrIE)                          Turns: 4917, Time: 00:36:29

Health: 0/57       AC: 10    Str: 10    XL:     8   Next: 20%
Magic:  0/15       EV: 12    Int: 16    God:
Gold:   157        SH:  0    Dex: 14    Spells: 3 memorised, 9 levels left

rFire  . . .     SeeInvis .     m - +1 hunting sling
rCold  . . .     Gourm    .     (armour unavailable)
rNeg   . . .     Faith    .     (no shield)
rPois  .         Spirit   +     (helmet restricted)
rElec  .         Dismiss  .     f - +0 cloak
rCorr  +         Reflect  .     (no gloves)
SustAt .         Harm     .     E - +2 pair of boots
MR     +....                    d - amulet of guardian spirit
Stlth  ++........               (no ring)
                                q - ring of resist corrosion

@: short of breath, heavily drained, somewhat resistant to hostile enchantments,
unstealthy
A: breathe power, unfitting armour, cold-blooded, AC +6
a: Breathe Dispelling Energy


You were on level 6 of the Dungeon.
You were near starving.

You visited 1 branch of the dungeon, and saw 6 of its levels.

You collected 262 gold pieces.
You spent 105 gold pieces at shops.

Inventory:

Hand Weapons
 m - a +1 hunting sling (weapon)
 y - a +0 dagger of holy wrath
 D - a +0 spear
Missiles
 i - 182 stones (quivered)
 n - 16 poisoned needles
 B - 34 sling bullets
Armour
 f - a +0 cloak (worn)
 E - a +2 pair of boots (worn)
Jewellery
 d - an amulet of guardian spirit (around neck)
 q - a ring of resist corrosion (left hand)
Wands
 w - a wand of slowing (29/48)
Scrolls
 c - a scroll of identify
 e - a scroll of random uselessness {unknown}
 k - a scroll of fear {unknown}
 l - a scroll of fog
 A - 4 scrolls of teleportation
 F - a scroll of amnesia {unknown}
Potions
 h - 3 potions of heal wounds {unknown}
 j - 2 potions of cure mutation
 o - 6 potions of curing
 p - 2 potions of might
 r - 2 potions of agility {unknown}
 s - a potion of haste {unknown}
 t - a potion of magic {unknown}
 u - a potion of resistance {unknown}
 v - a potion of lignification {unknown}
 z - a potion of invisibility
 C - 2 potions of brilliance
 G - a potion of flight {unknown}
Books
 a - a book of Frost

   Spells                             Type                      Level
   a - Freeze                         Ice                          1
   b - Throw Frost                    Conjuration/Ice              2
   c - Ozocubu's Armour               Charms/Ice                   3
   d - Throw Icicle                   Conjuration/Ice              4
   e - Summon Ice Beast               Ice/Summoning                4
Comestibles
 b - 5 bread rations
 g - 5 meat rations
 x - a beef jerky


   Skills:
 + Level 3.2(2.1) Dodging
 - Level 1.7(0.7) Stealth
 - Level 5.2(4.0) Spellcasting
   Level 1.0(0.0) Conjurations
 - Level 4.6(3.4) Charms
 - Level 7.6(6.3) Ice Magic


You had 9 spell levels left.
You knew the following spells:

 Your Spells              Type           Power        Failure   Level  Hunger
a - Freeze                Ice            ###.         1%          1    None
b - Ozocubu's Armour      Chrm/Ice       ###.....     10%         3    ###....
c - Summon Ice Beast      Ice/Summ       ##......     50%         4    ####...


Dungeon Overview and Level Annotations

Branches:
Dungeon (6/15)
 Temple: D:4-7

Altars:
Dithmenos
Fedhas
Kikubaaqudgha
The Shining One

Shops:
D:5 [}*?*


Innate Abilities, Weirdness & Mutations

You can breathe bolts of dispelling energy.
Your rich purple scales are hard (AC +6).
Your body does not fit into most forms of armour.
You are cold-blooded and may be slowed by cold attacks.


Message History

Firing (i - inventory. (,) - cycle):
i - 185 stones (quivered)
Press: ? - help, Shift-Dir - straight line, f/p - wight
Aim: a wight, wielding a flail and wearing a robe (heavily damaged)
You shoot a stone. The stone hits the wight.
The wight is severely damaged.
The wight closely misses you.
Firing (i - inventory. (,) - cycle):
i - 184 stones (quivered)
Press: ? - help, Shift-Dir - straight line, f/p - wight
Aim: a wight, wielding a flail and wearing a robe (severely damaged)
You shoot a stone. The stone hits the wight.
The wight is almost destroyed.
The wight barely misses you.
Firing (i - inventory. (,) - cycle):
i - 183 stones (quivered)
Press: ? - help, Shift-Dir - straight line, f/p - wight
Aim: a wight, wielding a flail and wearing a robe (almost destroyed)
You shoot a stone. The stone closely misses the wight.
The wight hits you with a flail!
* * * LOW HITPOINT WARNING * * *
You feel drained.
You die...

#. #. #. #. #. #+# #.
#.# #####z##### #.#
#.....@...#######.##
#.###.###)#........####
#.###)#..###......†
#........# #.#.####
#####.#..# #.#.#
#.#......#.#
........#..#####.#
#########..#####.#
#........#


You could see a wight.

Vanquished Creatures
  A sky beast (D:6)
  An ogre (D:5)
  2 centaurs
  2 giant frogs
  4 killer bees (D:6)
  2 wights (D:6)
  A vampire bat (D:3)
  A crimson imp (D:6)
  2 hounds
  An orc priest (D:3)
  A centaur skeleton (D:5)
  A giant frog skeleton (D:6)
  An iguana (D:6)
  2 worker ants (D:6)
  5 gnolls
  5 adders
  An ooze (D:5)
  An adder skeleton (D:4)
  An adder zombie (D:5)
  2 worms
  4 giant geckos
  4 orcs (D:3)
  3 ball pythons
  3 bat skeletons (D:3)
  A bat zombie (D:3)
  7 giant cockroaches
  10 goblins
  5 hobgoblins
  2 jackals (D:4)
  A quokka (D:2)
  3 bats
  6 giant newts
  5 kobolds
  A quokka zombie (D:6)
  8 rats
100 creatures vanquished.

Notes
Turn   | Place    | Note
--------------------------------------------------------------
     0 | D:1      | zxpr0jk the Draconian Ice Elementalist began the quest for the Orb.
     0 | D:1      | Reached XP level 1. HP: 14/14 MP: 3/3
   144 | D:1      | Reached XP level 2. HP: 6/20 MP: 0/5
   955 | D:1      | Reached XP level 3. HP: 26/26 MP: 6/6
   960 | D:1      | Learned a level 3 spell: Ozocubu's Armour
  1170 | D:2      | Reached skill level 4 in Ice Magic
  1743 | D:2      | Reached XP level 4. HP: 23/33 MP: 5/8
  1762 | D:2      | Learned a level 4 spell: Summon Ice Beast
  2056 | D:3      | Found a shadowy altar of Dithmenos.
  2158 | D:3      | Noticed a giant frog
  2164 | D:3      | Killed a giant frog
  2164 | D:3      | Reached skill level 5 in Ice Magic
  2164 | D:3      | Reached XP level 5. HP: 30/38 MP: 0/10
  2307 | D:3      | Found a blossoming altar of Fedhas.
  2503 | D:3      | Found an ancient bone altar of Kikubaaqudgha.
  2795 | D:4      | Found a glowing golden altar of the Shining One.
  3211 | D:5      | Entered Level 5 of the Dungeon
  3219 | D:5      | Found Cuqedgh's Assorted Antiques.
  3223 | D:5      | Bought a triangular ivory amulet for 105 gold pieces
  3252 | D:5      | Noticed a centaur
  3276 | D:5      | Killed a centaur
  3276 | D:5      | Reached skill level 6 in Ice Magic
  3276 | D:5      | Reached XP level 6. HP: 20/45 MP: 0/11
  3392 | D:5      | Found Buaggyos's Gadget Emporium.
  3426 | D:5      | Found Serricoa's Armour Emporium.
  3556 | D:5      | Found Kilabuh's Magic Scroll Shop.
  3724 | D:5      | Found Botibbyg's Assorted Antiques.
  3783 | D:5      | Your scales start taking on a rich purple colour.
  3783 | D:5      | Reached skill level 5 in Spellcasting
  3783 | D:5      | Reached XP level 7. HP: 50/50 MP: 8/14
  3999 | D:6      | Reached skill level 7 in Ice Magic
  4654 | D:6      | Reached XP level 8. HP: 57/57 MP: 7/15
  4917 | D:6      | HP: 2/57 [wight/flail (11)]
  4917 | D:6      | Slain by a wight

Vault maps used:
D:1:      scummos_arrival_forest
D:3:      kennysheep_vampire_church, fedhas_altar_3, grunt_dithmenos_smoke
D:4:      nicolae_tso_carved_into_rock
D:5:      first_bread, serial_shops, shop, shop_fountains,
          nicolae_shop_waterfront, kennysheep_mini_moat, shop
D:6:      minmay_temple_entry_butterflies

Skill      XL: |  1  2  3  4  5  6  7  8 |
---------------+-------------------------+-----
Ice Magic      | 4 5 6 7 |  7.6
Spellcasting   | 3 5 |  5.2
Charms         | 4 |  4.6
Dodging        | 3 |  3.2
Stealth        | |  1.7
Conjurations   | |  1.0

Action                   |  1- 3 |  4- 6 |  7- 9 || total
-------------------------+-------+-------+-------++-------
Melee: Unarmed           |    11 |       |       ||    11
       Tailslap          |    12 |    15 |       ||    27
       Spear             |   117 |   166 |       ||   283
 Fire: Hunting sling     |       |    27 |    87 ||   114
Throw: Stone             |    17 |     1 |     3 ||    21
 Cast: Freeze            |    26 |    23 |    78 ||   127
       Ozocubu's Armour  |     3 |     7 |     7 ||    17
 Abil: Breathe Dispellin |       |       |     4 ||     4
  Use: Scroll            |       |    12 |     1 ||    13
       Potion            |       |       |     1 ||     1
 Stab: Sleeping          |     2 |     2 |       ||     4
  Eat: Chunk             |     4 |     4 |     4 ||    12
       Fruit             |       |     3 |       ||     3
Armor: Skin              |    33 |    98 |    40 ||   171
Dodge: Dodged            |    85 |   138 |    72 ||   295
